 Dungeon Crawl Stone Soup version 0.20.1-1-g8b1a95d (webtiles) character file.

98 Linguinho the Skirmisher (level 4, 0/36 HPs)
             Began as a Demonspawn Fighter on Nov 9, 2017.
             Slain by a gnoll
             ... wielding a +0 flail
              (3 damage)
             ... on level 2 of the Dungeon.
             The game lasted 00:03:25 (1562 turns).

Linguinho the Skirmisher (Demonspawn Fighter)       Turns: 1562, Time: 00:03:26

Health: 0/36       AC:  9    Str: 18    XL:     4   Next: 43%
Magic:  0/4        EV:  4    Int:  9    God:
Gold:   69         SH:  9    Dex: 12    Spells: 3/3 levels left

rFire    . . .     SeeInvis .   a - +0 trident
rCold    . . .     Gourm    .   c - +0 shield
rNeg     . . .     Faith    .   q - +0 chain mail
rPois    .         Spirit   +   (no helmet)
rElec    .         Reflect  .   (no cloak)
rCorr    .         Harm     .   (no gloves)
MR       .....                  (no boots)
Stlth    ..........             (no amulet)
Regen    0.2/turn               (no ring)
MPRegen  0.1/turn               (no ring)

@: no status effects
A: magic shield
a: no special abilities


You were on level 2 of the Dungeon.
You were not hungry.

You visited 1 branch of the dungeon, and saw 2 of its levels.

You collected 69 gold pieces.

Inventory:

Hand Weapons
 a - a +0 trident (weapon)
Armour
 c - a +0 shield (worn)
 q - a +0 chain mail (worn)
Jewellery
 r - a +3 amulet of reflection {unknown}
Scrolls
 j - 5 scrolls of identify {unknown}
 k - a scroll of immolation {unknown}
 m - a scroll of amnesia {unknown}
 n - a scroll of enchant armour {unknown}
 t - a scroll of fog {unknown}
 u - a scroll of remove curse {unknown}
Potions
 d - a potion of might
 e - a potion of agility {unknown}
 h - 2 potions of curing
 i - 2 potions of heal wounds {unknown}
 o - a potion of brilliance {unknown}
Comestibles
 b - 2 chunks of flesh
 f - a bread ration
 g - a royal jelly
 p - a meat ration


   Skills:
 + Level 3.6 Fighting
 + Level 2.8 Polearms
 + Level 3.1 Armour
 + Level 0.1 Dodging
 + Level 0.2 Stealth
 + Level 3.3 Shields


You had 3 spell levels left.
You didn't know any spells.

Dungeon Overview and Level Annotations

Branches:
Dungeon (2/15)

Altars:


Innate Abilities, Weirdness & Mutations

When hurt, damage is shared between your health and your magic reserves.


Message History

You kill the gnoll!
The gnoll hits you but does no damage.
You hit the gnoll but do no damage. The gnoll hits you with a flail.
You puncture the gnoll!
The gnoll is severely wounded.
You block the gnoll's attack.
You hit the gnoll but do no damage.
The gnoll is severely wounded.
The gnoll hits you with a flail!
* * * LOW HITPOINT WARNING * * *
Attack whom?
Press: ? - help, Dir - move target cursor, f - gnoll
Aim: a gnoll, wielding a flail (severely wounded)
You reach to attack!
You hit the gnoll.
The gnoll is almost dead.
You block the gnoll's attack.
Your shield and chain mail prevent you from hitting the gnoll.
The gnoll is almost dead.
The gnoll hits you with a flail.
You die...

...#.....##♣.. ###
#.##.# ...#......##..
##.# #.##.#
...#......###.##..#
#.#...
...#......#..))...#
#####.####
...#......######.##
#.......#. ####......#
#.# #.###.#.#.
..........# #.# #.#.#.
####......# #g# #.#.#.
#......# #@# ... #.#.#.
#......# #.# #.. #.....
#......# #.# #.. #.....
#......# #.#
#..###.....
#############.#####
#.........
#..........###.###.....
#....................##
#..................###
#..........###......#


You could see a gnoll.

Vanquished Creatures
  2 adders (D:2)
  4 gnolls
  An ooze (D:1)
  2 worms (D:2)
  A dart slug (D:2)
  5 giant cockroaches
  A goblin (D:2)
  A hobgoblin (D:2)
  6 kobolds
  2 quokkas (D:2)
  6 bats
  A frilled lizard (D:1)
  3 rats
35 creatures vanquished.

Notes
Turn   | Place    | Note
-------+----------+-------------------------------------------
     0 | D:1      | Linguinho the Demonspawn Fighter began the quest for the Orb.
     0 | D:1      | Reached XP level 1. HP: 18/18 MP: 1/1
   139 | D:1      | Gained mutation: When hurt, damage is shared between your health and your magic reserves. [demonic ancestry]
   139 | D:1      | Reached XP level 2. HP: 22/24 MP: 2/2
   272 | D:1      | You fall through a shaft!
   887 | D:1      | Reached XP level 3. HP: 29/29 MP: 3/3
  1531 | D:2      | Reached XP level 4. HP: 22/35 MP: 4/4
  1562 | D:2      | Slain by a gnoll

Skill      XL: |  1  2  3 |
---------------+----------+-----
Shields        | 3 |  3.3
Polearms       | 2 |  2.8
Armour         | 3 |  3.1
Fighting       | |  3.6
Dodging        | |  0.1
Stealth        | |  0.2

Action                   |  1- 3 |  4- 6 || total
-------------------------+-------+-------++-------
Melee: Trident           |   154 |    25 ||   179
  Use: Potion            |     1 |       ||     1
  Eat: Chunk             |     2 |       ||     2
Armor: Scale mail        |    50 |       ||    50
       Chain mail        |     4 |    12 ||    16
Dodge: Dodged            |    28 |     6 ||    34
Block: Shield            |    62 |    15 ||    77
